 Dungeon Crawl Stone Soup version 0.28-a0-1435-g82390b3a13 (webtiles) character file.

Game seed: 16713157894610686217

65254 Froggeryz the Slicer (level 15, 0/107 HPs)
             Began as an Octopode Berserker on Jan 9, 2022.
             Was a High Priest of Trog.
             Slain by a blink frog (14 damage)
             ... summoned by a boggart
             ... on level 6 of the Lair of Beasts.
             The game lasted 00:24:09 (21876 turns).

Froggeryz the Slicer (Octopode Berserker)          Turns: 21876, Time: 00:24:10

Health: 0/107      AC:  6    Str: 17    XL:     15   Next: 15%
Magic:  24/24      EV: 28    Int: 11    God:    Trog [*****.]
Gold:   1253       SH:  7    Dex: 17    Spells: 14/14 levels left

rFire   . . .      SeeInvis .   a - +4 short sword (freeze)
rCold   + . .      Faith    .   J - +0 buckler
rNeg    . . .      Spirit   .   d - +1 hat "Lepuont" {MP+9 Slay+3}
rPois   .          Reflect  .   K - amulet of regeneration
rElec   .          Harm     .   q - +4 ring of slaying
rCorr   .          Rampage  .   v - +4 ring of evasion
Will    +....                   s - +4 ring of evasion
Stlth   ++++++....              E - +4 ring of protection
HPRegen 1.07/turn               I - ring of flight
MPRegen 0.19/turn               N - ring of protection from cold
                                (no ring)
                                (no ring)

@: flying
A: almost no armour, amphibious, 8 rings, camouflage 1, gelatinous body 1,
(nimble swimmer 1), tentacles
a: Renounce Religion, Berserk, Trog's Hand, Brothers in Arms


You were on level 6 of the Lair of Beasts.
You worshipped Trog.
Trog was extremely pleased with you.
You visited 3 branches of the dungeon, and saw 19 of its levels.

You collected 1253 gold pieces.

Inventory:

Hand Weapons
 a - a +4 short sword of freezing (weapon)
 X - a +1 rapier
Missiles
 b - 92 poisoned darts (quivered)
 e - 3 throwing nets
 u - 9 boomerangs
 G - 11 curare-tipped darts
Armour
 d - the +1 hat "Lepuont" (worn) {MP+9 Slay+3}
   (You acquired it on level 6 of the Lair of Beasts)

   Slay:      It affects your accuracy & damage with ranged weapons and melee
   (+3).
   MP:        It affects your magic capacity (+9).
 J - a +0 buckler (worn)
Jewellery
 q - a +4 ring of slaying (left tentacle)
 s - a +4 ring of evasion (on tentacle)
 t - a ring of fire
 v - a +4 ring of evasion (right tentacle)
 E - a +4 ring of protection (on tentacle)
 I - a ring of flight (on tentacle)
 K - an amulet of regeneration (around mantle)
 N - a ring of protection from cold (on tentacle)
Wands
 n - a wand of flame (33)
 z - a wand of iceblast (9)
 F - a wand of polymorph (7)
 H - a wand of paralysis (6)
 O - a wand of mindburst (7)
 T - a wand of charming (7)
 Z - a wand of acid (7)
Scrolls
 c - 6 scrolls of teleportation
 g - 2 scrolls of enchant weapon
 h - 2 scrolls of immolation
 y - 2 scrolls of vulnerability {unknown}
 B - 2 scrolls of magic mapping {unknown}
 D - 2 scrolls of silence
 L - 2 scrolls of enchant armour
 R - a scroll of torment {unknown}
 U - a scroll of noise {unknown}
 V - 2 scrolls of fog
 Y - a scroll of holy word {unknown}
Potions
 f - 2 potions of flight
 i - 4 potions of magic
 j - 3 potions of lignification
 k - 6 potions of invisibility
 l - a potion of heal wounds {unknown}
 m - 5 potions of mutation
 o - 2 potions of attraction {unknown}
 p - 4 potions of haste
 w - 4 potions of curing {unknown}
 x - a potion of experience {unknown}
 A - 2 potions of resistance
 C - 2 potions of brilliance {unknown}
 M - 10 potions of ambrosia
 P - a potion of might {unknown}
 Q - a potion of berserk rage {unknown}


   Skills:
 + Level 11.2 Fighting
 - Level 14.0 Short Blades
 + Level 10.0 Throwing
 + Level 12.4 Dodging
 - Level 11.3 Stealth
 - Level 10.5 Shields


You had 14 spell levels left.
You didn't know any spells.
Your spell library was empty.

Dungeon Overview and Level Annotations

Branches:
Dungeon (12/15)            Temple (0/1) D:4            Lair (6/6) D:11
  Snake (1/4) Lair:4       Spider (0/4) Lair:2        Slime (0/5) Lair:5
    Orc (0/2) D:12

Altars:
Kikubaaqudgha
Nemelex Xobeh
Wu Jian
Beogh

Annotations:
D:6 3 runed translucent doors, Lekart's ghost, novice DrFi
D:8 3 runed translucent doors, Peloso's ghost, novice MiFi
Lair:3 3 runed translucent doors, Lekart's ghost, journeyman DrFi


Innate Abilities, Weirdness & Mutations

You cannot wear most types of armour.
You are amphibious.
You can wear up to eight rings at the same time.
Your skin changes colour to match your surroundings (Stealth+).
Your rubbery body absorbs attacks. (AC +1, EV +1)
((You are camouflaged when in or above water. (Stealth+)))
You have tentacles for arms and can constrict up to eight enemies at once.


Message History

You squeeze the wolf.
The wolf is severely wounded.
Your skin stops crawling.
You feel less strong-willed. The wolf misses you.
The spriggan hits you with a +0 dagger. The blink frog completely misses you.
You barely miss the wolf. You grab the wolf. You squeeze the wolf.
You kill the wolf!
Trog accepts your kill. You block the blink frog's attack.
You puncture the dream sheep! You freeze the dream sheep.
You kill the dream sheep!
Trog accepts your kill. The blink frog barely misses you.
The blink frog hits you! The spriggan hits you with a +0 dagger!
You puncture the spriggan! You freeze the spriggan.
Your grab misses the spriggan.
The spriggan is heavily wounded.
The blink frog barely misses you. You block the blink frog's attack.
You puncture the spriggan! You freeze the spriggan.
You kill the spriggan!
Trog accepts your kill. The blink frog hits you!
* * * LOW HITPOINT WARNING * * *
You puncture the cane toad!
The cane toad seems to slow down.
You freeze the cane toad. You grab the cane toad.
The cane toad is moderately wounded.
You constrict the cane toad, but do no damage.
The blink frog hits you!
* * * LOW HITPOINT WARNING * * *
The blink frog blinks!
The blink frog misses you.
You puncture the cane toad! You freeze the cane toad.
You squeeze the cane toad!
You kill the cane toad!
Trog accepts your kill.
The blink frog blinks! x2
The water moccasin completely misses you.
You hear some strange, mumbled words.
The polar bear misses you. The polar bear completely misses you.
The polar bear misses you.
The blink frog blinks!
The blink frog hits you!
You die...

...♣♣
♣.♣♣♣.♣
..♣♣
♣♣.♣ ..♣
..♣ ♣..♣
..♣ .♣♣
♣$♣♣ ♣.♣
.. ♣.♣
.♣ .♣
♣.♣♣ .♣
. ♣.§♣
.♣
♣♣F♣♣..♣
♣F@S..♣
♣♣hF.♣♣
♣§...♣
.....♣
.....♣
...♣..♣
...♣♣.♣
....♣ ..


You could see a polar bear (summoned), 3 blink frogs and a water moccasin.

Vanquished Creatures
  Kirke (D:12)
  Nessos (D:12)
  A fire dragon (D:11)
  Josephine (D:11)
  A yaktaur captain (D:11)
  Harold (D:10)
  10 hydras
  An ogre mage (D:11)
  Erolcha (D:10)
  A two-headed ogre (D:7)
  2 centaur warriors (D:11)
  Erica (Lair:2)
  Urug (Lair:6)
  Sonja (D:11)
  Nergalle (Lair:2)
  5 skeletal warriors (D:12)
  A lindwurm (Lair:4)
  Pikel (D:7)
  2 deep elf pyromancers (D:12)
  An oklob plant (Lair:6)
  6 manticores
  A cyclops (D:11)
  4 elephants (Lair:5)
  2 molten gargoyles (Lair:3)
  An eye of devastation (Lair:5)
  11 cane toads
  5 black mambas
  2 kobold demonologists (D:12)
  A gargoyle (D:11)
  4 komodo dragons
  A rime drake (Lair:2)
  An unseen horror (D:11)
  A tengu conjurer (D:11)
  A queen bee (Lair:1)
  2 trolls (D:12)
  4 polar bears
  6 slime creatures (D:12)
  2 hornets (Lair:6)
  17 blink frogs
  6 dream sheep
  A meliai zombie (D:11)
  4 spriggans (Lair:6)
  2 jumping spiders (Lair:2)
  A shadow (D:7)
  6 wraiths
  58 yaks
  2 fire bats (Lair:3)
  A fire elemental (Lair:3)
  6 wyverns
  5 hogs
  A human (D:12)
  2 basilisks
  A redback (Lair:2)
  3 steam dragons
  2 vampire mosquitoes (D:11)
  4 nagas (Lair:4)
  16 water moccasins
  2 acid dragons
  A floating eye (Lair:5)
  3 orc warriors
  2 sky beasts
  4 ogres
  3 black bears (Lair:6)
  2 necrophages
  A hornet zombie (D:8)
  5 boggarts
  28 wolves
  4 centaurs
  4 lemures (D:7)
  4 kobold brigands
  10 bullfrogs
  A gnoll sergeant (D:6)
  2 scorpions (D:5)
  2 water moccasin skeletons (D:6)
  37 killer bees
  7 wights
  4 electric eels
  A bullfrog zombie (D:5)
  5 lava snakes (Lair:3)
  3 centaur zombies
  2 hounds
  5 jellies
  7 orc priests
  Crazy Yiuf (D:2)
  A bullfrog skeleton (D:5)
  A gnoll shaman (D:4)
  4 iguanas
  9 orc wizards
  Ijyb (D:4)
  4 hell rats (Lair:2)
  A centaur simulacrum (D:8)
  A howler monkey zombie (D:5)
  4 gnolls (D:4)
  9 adders
  A shadow imp (D:5)
  4 white imps
  A howler monkey simulacrum (D:8)
  3 ufetubi
  An adder skeleton (D:4)
  2 worms
  26 orcs
  6 ball pythons
  6 bats
  11 endoplasms
  3 giant cockroaches
  7 goblins
  5 hobgoblins
  3 jackals (D:1)
  4 quokkas
  9 frilled lizards
  22 kobolds
  4 rats
531 creatures vanquished.

Vanquished Creatures (others)
  A yak (Lair:3)
  An endoplasm (D:3)
  17 fungi
  36 plants
55 creatures vanquished.

Grand Total: 586 creatures vanquished

Notes
Turn   | Place    | Note
-------+----------+-------------------------------------------
     0 | D:1      | Froggeryz the Octopode Berserker began the quest for the
                  | Orb.
     0 | D:1      | Reached XP level 1. HP: 16/16 MP: 1/1
   408 | D:1      | Reached XP level 2. HP: 18/21 MP: 2/2
   452 | D:1      | Reached skill level 1 in Stealth
   800 | D:1      | Reached XP level 3. HP: 26/26 MP: 3/3
   808 | D:1      | Reached ** piety under Trog
  1081 | D:1      | Reached skill level 4 in Short Blades
  1584 | D:2      | Found a faded altar of an unknown god.
  1864 | D:2      | Reached XP level 4. HP: 29/31 MP: 4/4
  2330 | D:2      | Found a runed translucent door.
  2331 | D:2      | Noticed Crazy Yiuf
  2338 | D:2      | Killed Crazy Yiuf
  2414 | D:3      | Found an ornate altar of the Wu Jian Council.
  2500 | D:3      | Reached XP level 5. HP: 35/36 MP: 5/5
  2508 | D:3      | Reached skill level 5 in Short Blades
  3155 | D:3      | Reached *** piety under Trog
  3360 | D:4      | Noticed Ijyb
  3371 | D:4      | Killed Ijyb
  3416 | D:4      | Reached XP level 6. HP: 42/42 MP: 6/6
  3432 | D:4      | Reached skill level 6 in Short Blades
  3593 | D:4      | Noticed a necrophage
  3597 | D:4      | Killed a necrophage
  3598 | D:4      | Reached skill level 5 in Stealth
  4055 | D:4      | Reached XP level 7. HP: 46/46 MP: 7/7
  4169 | D:4      | Found a staircase to the Ecumenical Temple.
  4472 | D:5      | Entered Level 5 of the Dungeon
  4672 | D:5      | Reached skill level 7 in Short Blades
  4848 | D:5      | HP: 3/69 [centaur zombie (4)]
  5363 | D:6      | Reached skill level 8 in Short Blades
  5363 | D:6      | Reached XP level 8. HP: 52/52 MP: 8/8
  6081 | D:6      | Found a runed translucent gate.
  6082 | D:6      | Found a runed translucent gate.
  6083 | D:6      | Found a runed translucent gate.
  6099 | D:6      | Noticed Lekart's ghost (novice DrFi)
  6100 | D:6      | Identified the +0 plate armour of the Kettle-Drum {rElec
                  | rN+}
  6409 | D:6      | Reached skill level 9 in Short Blades
  6732 | D:7      | Noticed a shadow
  6737 | D:7      | Killed a shadow
  6901 | D:7      | Reached XP level 9. HP: 48/56 MP: 9/9
  7142 | D:7      | Reached skill level 10 in Short Blades
  7273 | D:7      | Noticed a two-headed ogre
  7288 | D:7      | Killed a two-headed ogre
  7289 | D:7      | Reached skill level 10 in Stealth
  7431 | D:7      | Reached skill level 11 in Short Blades
  7507 | D:7      | Reached **** piety under Trog
  8194 | D:7      | Noticed Pikel
  8221 | D:7      | Killed Pikel
  8222 | D:7      | Reached XP level 10. HP: 49/63 MP: 10/10
  8801 | D:8      | Reached skill level 12 in Short Blades
  8977 | D:8      | Found a runed translucent gate.
  8986 | D:8      | Found a runed translucent gate.
  8987 | D:8      | Found a runed translucent gate.
  8987 | D:8      | Noticed Peloso's ghost (novice MiFi)
 10662 | D:9      | Found a sparkling altar of Nemelex Xobeh.
 10837 | D:10     | Entered Level 10 of the Dungeon
 10964 | D:10     | Reached skill level 5 in Dodging
 11533 | D:10     | Noticed Harold
 11557 | D:10     | Killed Harold
 11747 | D:10     | Reached XP level 11. HP: 46/70 MP: 11/11
 11751 | D:10     | Reached skill level 13 in Short Blades
 11922 | D:10     | Noticed Erolcha
 11929 | D:10     | Killed Erolcha
 11930 | D:10     | Reached skill level 5 in Fighting
 12127 | D:11     | Noticed Josephine
 12206 | D:11     | Killed Josephine
 12246 | D:11     | Found a staircase to the Lair.
 12252 | D:11     | Noticed a manticore
 12262 | D:11     | Killed a manticore
 12374 | D:11     | Noticed a manticore
 12828 | D:11     | Noticed Sonja
 12834 | D:11     | Killed a manticore
 12838 | D:11     | Killed Sonja
 13323 | D:11     | Noticed a manticore
 13331 | D:11     | Killed a manticore
 13332 | D:11     | Reached skill level 14 in Short Blades
 13551 | D:11     | Reached skill level 1 in Throwing
 13858 | D:11     | Noticed an eight-headed hydra
 13860 | D:11     | Killed an eight-headed hydra
 13861 | D:11     | Reached XP level 12. HP: 80/80 MP: 12/12
 13874 | D:11     | Noticed an ogre mage
 13877 | D:11     | Killed an ogre mage
 13880 | D:11     | Noticed a centaur warrior
 13888 | D:11     | Killed a centaur warrior
 13960 | D:11     | Noticed a yaktaur captain
 13962 | D:11     | Noticed a centaur warrior
 13963 | D:11     | Killed a yaktaur captain
 13977 | D:11     | Killed a centaur warrior
 13980 | D:11     | Noticed a fire dragon
 13983 | D:11     | Killed a fire dragon
 13984 | D:11     | Reached skill level 5 in Throwing
 14003 | D:11     | Reached skill level 1 in Shields
 14323 | D:12     | Reached skill level 5 in Shields
 14624 | D:12     | Found a staircase to the Orcish Mines.
 14781 | D:12     | Reached XP level 13. HP: 30/86 MP: 13/13
 15168 | D:12     | Reached ***** piety under Trog
 15243 | D:12     | Found an ancient bone altar of Kikubaaqudgha.
 15548 | D:12     | Noticed Kirke
 15548 | D:12     | Noticed Nessos
 15565 | D:12     | Killed Nessos
 15581 | D:12     | Noticed a sphinx
 15804 | D:12     | Killed Kirke
 15805 | D:12     | Reached skill level 10 in Shields
 16065 | Lair:1   | Entered Level 1 of the Lair of Beasts
 16900 | Lair:1   | Identified the +1 scale mail "Ametomen" {rN+}
 17258 | Lair:2   | Noticed Nergalle
 17273 | Lair:2   | Killed Nergalle
 17309 | Lair:2   | Found a hole to the Spider Nest.
 17378 | Lair:2   | Reached skill level 10 in Dodging
 17479 | Lair:2   | Noticed Erica
 17490 | Lair:2   | Killed Erica
 17740 | Lair:2   | Reached XP level 14. HP: 89/95 MP: 14/14
 18602 | Lair:3   | Found a runed translucent gate.
 18603 | Lair:3   | Found a runed translucent gate.
 18604 | Lair:3   | Found a runed translucent gate.
 18606 | Lair:3   | Noticed Lekart's ghost (journeyman DrFi)
 19393 | Lair:4   | Found a staircase to the Snake Pit.
 19483 | Lair:4   | Reached skill level 10 in Fighting
 19738 | Lair:4   | Reached ****** piety under Trog
 20274 | Snake:1  | Entered Level 1 of the Snake Pit
 20594 | Lair:5   | Received a gift from Trog
 20910 | Lair:5   | Found a staircase to the Slime Pits.
 20914 | Lair:5   | Paralysed by a floating eye for 2 turns
 21209 | Lair:6   | Entered Level 6 of the Lair of Beasts
 21579 | Lair:6   | Found an ancient bone altar of Kikubaaqudgha.
 21643 | Lair:6   | Noticed Urug
 21652 | Lair:6   | Killed Urug
 21653 | Lair:6   | Reached XP level 15. HP: 106/106 MP: 15/15
 21679 | Lair:6   | Identified 2 scrolls of acquirement
 21681 | Lair:6   | Acquired a ring of protection from cold
 21686 | Lair:6   | Acquired the +1 hat "Lepuont" {MP+9 Slay+3}
 21849 | Lair:6   | Paralysed by a hornet for 1 turns
 21858 | Lair:6   | Reached skill level 10 in Throwing
 21876 | Lair:6   | Slain by a blink frog

Illustrated notes

Levels and vault maps discovered:
D:1:      shiori_arrival_oz, layout_loops_corners, minmay_misc_feat_five
D:2:      layout_loops_ring, hellmonk_ecumenical_altar_pennies_from_heaven,
          uniq_crazy_yiuf_cottage
D:3:      layout_basic, overflow_temple_1_default, nrook_campfire
D:4:      layout_basic, minmay_temple_entry_fiery, minmay_lizard_king, uniq_ijyb
D:5:      layout_basic
D:6:      layout_gridville, biasface_ghost_orc_armoury, minmay_checkerbox
D:7:      layout_basic, uniq_pikel
D:8:      layout_loops_cross, gammafunk_ghost_split, serial_ice, serial_ice_d,
          serial_ice_b, serial_ice_m, serial_ice_n, serial_ice_l,
          hangedman_decor_points, dk_noncrumbling_2, feat_on_display
D:9:      layout_cave_pools, general_overflow_altar
D:10:     layout_loops_cross, uniq_erolcha, uniq_harold
D:11:     layout_basic, lair_entry_dummy, hex_large, st_stairs_3,
          minmay_evil_grid, uniq_sonja, uniq_josephine
D:12:     layout_stronghold, orc_0_dummy, kiku_gazebo_garden_becter,
          uniq_nessos, uniq_kirke
Lair:1:   layout_roguey [special_room_bee]
Lair:2:   layout_cellular_growth, spider_nest_entry_a, lemuel_fruit_tree,
          uniq_nergalle, uniq_erica
Lair:3:   cheibrodos_magma_flow, layout_gridlike, gammafunk_ghost_necromancy,
          hangedman_lair_unloving_vines, beast_lair_carwin_5,
          serial_bayou_shore_a
Lair:4:   layout_cave_pods, guppyfry_snake_entry_garden, serial_bayou_shore_b,
          infiniplex_staircase_pool
Lair:5:   layout_cave_pods, minmay_slime_entry_eyes
Lair:6:   minmay_lair_end_enchanted_forest, layout_long_grid,
          lemuel_oklob_altar, lemuel_fruit_fields, lemuel_fruit_fields,
          uniq_urug
Snake:1:  layout_misc_corridors, serial_shops, nicolae_shop_statue_plus,
          nicolae_shop_bloodbath_and_beyond, nicolae_square_shop, shop,
          nicolae_shop_self_help

Skill      XL: |  1  2  3  4  5  6  7  8  9 10 11 12 13 14 15 |
---------------+----------------------------------------------+-----
Stealth        | 1 2 3 4 5 7 8 11 | 11.3
Short Blades   | 4 5 6 8 9 11 12 14 | 14.0
Dodging        | 6 8 9 10 12 | 12.4
Fighting       | 4 6 7 8 11 | 11.2
Throwing       | 2 5 7 9 10 | 10.0
Shields        | 7 10 | 10.5

Action                   |  1- 3 |  4- 6 |  7- 9 | 10-12 | 13-15 || total
-------------------------+-------+-------+-------+-------+-------++-------
Melee: Short sword       |    67 |    90 |   151 |   367 |   871 ||  1546
       Tentacles         |    13 |    20 |    45 |    83 |   268 ||   429
       Constrict         |    13 |    25 |    33 |    37 |   126 ||   234
       Punch             |     2 |     2 |     1 |     7 |    15 ||    27
Throw: Dart              |       |       |     8 |    15 |     1 ||    24
Invok: Berserk           |       |     1 |     4 |     5 |     9 ||    19
       Trog's Hand       |       |       |     1 |     2 |     8 ||    11
Evoke: Wand              |       |       |       |     3 |       ||     3
  Use: Scroll            |       |       |     9 |     7 |     6 ||    22
 Stab: Sleeping          |    15 |    15 |     8 |    28 |    34 ||   100
       Distracted        |       |       |     3 |     3 |     2 ||     8
       Paralysed         |       |       |       |     1 |       ||     1
Armor: Skin              |     5 |     2 |     2 |     8 |    67 ||    84
Dodge: Dodged            |    21 |    37 |    80 |   243 |   547 ||   928
Block: Buckler           |       |       |       |     3 |   175 ||   178

Table legend: (Time is in decaauts)
 A = Elapsed time spent in this place.
 B = Non-inter-level travel time spent in this place.
 C = Inter-level travel time spent in this place.
 D = Time resting spent in this place.
 E = Time spent auto-exploring this place.
 F = Levels seen in this place.
 G = Mean time per level.
                   A        B        C        D        E       F      G
               +--------+--------+--------+--------+--------+-----+--------+
         Total |  21418 |  20666 |    752 |   3914 |  13429 |  19 | 1127.3 |
       Dungeon |  15904 |  15310 |    594 |   3596 |   9566 |  12 | 1325.3 |
          Lair |   5512 |   5355 |    157 |    317 |   3863 |   6 |  918.7 |
     Snake Pit |      1 |      1 |      0 |      0 |      0 |   1 |    1.0 |
               +--------+--------+--------+--------+--------+-----+--------+

Top non-repeatable levels by time:
    D:11: 1802 daAuts
     D:8: 1706 daAuts
    D:10: 1691 daAuts
    D:12: 1621 daAuts
     D:1: 1408 daAuts
     D:7: 1407 daAuts
     D:5: 1377 daAuts
     D:6: 1162 daAuts
  Lair:2: 1149 daAuts
     D:4: 1108 daAuts
  Lair:3: 1078 daAuts
     D:2: 1010 daAuts
  Lair:4: 966 daAuts
     D:3: 933 daAuts
  Lair:5: 868 daAuts
